 Dungeon Crawl Stone Soup version 0.27.0-1-g7a089689b8 (webtiles) character file.

Game seed: 2960058623081112778

21 Kinoniko the Skirmisher (level 2, -1/48 HPs)
             Began as an Ogre Berserker on Aug 17, 2021.
             Was a Follower of Trog.
             Slain by a gnoll (11 damage)
             ... on level 2 of the Dungeon.
             The game lasted 00:00:36 (1231 turns).

Kinoniko the Skirmisher (Ogre Berserker)            Turns: 1231, Time: 00:00:37

Health: -1/48      AC:  3    Str: 20    XL:     2   Next: 87%
Magic:  2/2        EV: 10    Int:  8    God:    Trog [*.....]
Gold:   31         SH:  0    Dex:  8    Spells: 1/1 levels left

rFire    . . .     SeeInvis .   a - +0 hand axe
rCold    . . .     Faith    .   (no shield)
rNeg     . . .     Spirit   .   b - +0 animal skin
rPois    .         Reflect  .   (helmet restricted)
rElec    .         Harm     .   (no cloak)
rCorr    .         Rampage  .   (gloves unavailable)
Will     .....                  (boots unavailable)
Stlth    ..........             (no amulet)
HPRegen  0.16/turn              (no ring)
MPRegen  0.08/turn              (no ring)

@: berserking, very quick
A: large, unfitting armour, tough skin 1
a: Renounce Religion, Berserk


You were on level 2 of the Dungeon.
You worshipped Trog.
Trog was aware of your devotion.
You visited 1 branch of the dungeon, and saw 2 of its levels.

You collected 31 gold pieces.

Inventory:

Hand Weapons
 a - a +0 hand axe (weapon)
Armour
 b - a +0 animal skin (worn)
Scrolls
 c - 2 scrolls of identify {unknown}
Potions
 d - a potion of brilliance {unknown}
 e - 2 potions of resistance {unknown}


   Skills:
 - Level 4.0 Fighting
 * Level 3.7 Axes
 + Level 3.0 Dodging


You had one spell level left.
You didn't know any spells.
Your spell library was empty.

Dungeon Overview and Level Annotations

Branches:
Dungeon (2/15)

Altars:


Innate Abilities, Weirdness & Mutations

You are too large for most types of armour.
You have tough skin. (AC +1)


Message History

A gnoll comes into view. It is wielding a +0 flail.
The jackal barks!
You hear a shout!
A gnoll comes into view. It is wielding a +0 spear.
A hobgoblin comes into view.
A jackal comes into view.
A gnoll comes into view. It is wielding a +0 halberd.
The gnoll shouts!
The jackal barks!
The jackal barely misses you.
The jackal bites you but does no damage.
You closely miss the jackal. x2; The jackal bites you. x2
The jackal barely misses you.
A red film seems to cover your vision as you go berserk!
You feel yourself moving faster!
You feel mighty! The jackal bites you.
The hobgoblin hits you but does no damage.
The gnoll misses you. The gnoll hits you but does no damage.
The gnoll hits you from afar with a +0 halberd!
The jackal closely misses you. The jackal bites you.
You closely miss the gnoll. You closely miss the jackal. You hit the hobgoblin.
You completely miss the jackal. The jackal bites you.
The gnoll hits you but does no damage. The hobgoblin hits you.
The jackal bites you.
A worm comes into view.
The gnoll hits you from afar with a +0 halberd.
The gnoll hits you from afar with a +0 spear.
* * * LOW HITPOINT WARNING * * *
You are too injured to fight recklessly!
Unknown command.
You are too injured to fight recklessly!
You are too injured to fight recklessly!
You are too injured to fight recklessly!
You hit the jackal.
You feel the power of Trog in you as your rage grows.
You kill the jackal!
Trog accepts your kill.
You hit the hobgoblin. You barely miss the jackal. You hit the gnoll.
The jackal barely misses you. The hobgoblin hits you.
* * * LOW HITPOINT WARNING * * *
The gnoll barely misses you. The gnoll barely misses you.
The gnoll hits you with a +0 halberd!
You die...

#.###.# #...#.# ###
###.#.# #.. # ....#.#
#.# .# #####.# #.###.#
......# #.#...#
###############....#####
................g)......
.........^......@g......
###############hg.....w#
#.g......# #........#
#........# .........#
###.####.# .# .#


You could see a worm, 3 gnolls, a jackal and a hobgoblin.

Vanquished Creatures
  A dart slug (D:1)
  2 giant cockroaches
  2 goblins (D:1)
  2 hobgoblins (D:1)
  A jackal (D:2)
  A quokka (D:1)
  2 ball pythons (D:1)
  4 bats (D:1)
  A frilled lizard (D:1)
  A kobold (D:1)
  3 rats (D:1)
20 creatures vanquished.

Notes
Turn   | Place    | Note
-------+----------+-------------------------------------------
     0 | D:1      | Kinoniko the Ogre Berserker began the quest for the Orb.
     0 | D:1      | Reached XP level 1. HP: 24/24 MP: 1/1
   303 | D:1      | Reached XP level 2. HP: 16/32 MP: 2/2
   498 | D:1      | Found a faded altar of an unknown god.
  1231 | D:2      | Slain by a gnoll

Illustrated notes

Levels and vault maps discovered:
D:1:      grunt_arrival_crossed_arrows, layout_basic,
          ebering_ecumenical_altar_abandoned, supply_closet_lemuel
D:2:      layout_basic

Skill      XL: |  1  2 |
---------------+-------+-----
Dodging        | 3 |  3.0
Fighting       | |  4.0
Axes           | |  3.7

Action                   || total
-------------------------++-------
Melee: Hand axe          ||    64
Invok: Berserk           ||     1
Armor: Animal skin       ||    32
Dodge: Dodged            ||    54
